 Dungeon Crawl Stone Soup version 0.24.0-7-gb3623d2c88 (webtiles) character file.

Game seed: 15598325503763830086, levelgen mode: deterministic

17066 Esekla the Thaumaturge (level 12, -5/91 HPs)
             Began as a Formicid Wanderer on Nov 2, 2019.
             Was an Initiate of Gozag.
             Slain by a six-headed hydra (10 damage)
             ... on level 3 of the Lair of Beasts.
             The game lasted 03:54:09 (20064 turns).

Esekla the Thaumaturge (Formicid Wanderer)         Turns: 20064, Time: 03:54:10

Health: -5/91      AC:  7    Str: 13    XL:     12   Next: 78%
Magic:  25/25      EV: 13    Int: 17    God:    Gozag
Gold:   1280       SH:  0    Dex: 21    Spells: 14/30 levels left

rFire    + + .     SeeInvis +   t - +2 trident (freeze)
rCold    + . .     Gourm    .   (no shield)
rNeg     . . .     Faith    .   R - +0 leather armour {rC+}
rPois    +         Spirit   .   (helmet unavailable)
rElec    .         Reflect  .   d - +2 cloak {+Inv}
rCorr    .         Harm     .   Q - +0 pair of gloves of Vyt Aker {rPois rF++}
MR       +....                  (no boots)
Stlth    +++.......             y - amulet of magic regeneration
HPRegen  1.25/turn              i - +5 ring of dexterity
MPRegen  0.44/turn              o - ring of stealth

@: regenerating (expiring)
A: permanent stasis, dig shafts and tunnels, four strong arms, antennae 3,
hooves 1, agile 1, mutation resistance 1, MP-powered wands
a: Dig, Shaft Self, Potion Petition, Call Merchant, Bribe Branch, Renounce
Religion, Evoke Invisibility


You were on level 3 of the Lair of Beasts.
You worshipped Gozag.
Gozag was most pleased with you.
You were not hungry.

You visited 4 branches of the dungeon, and saw 17 of its levels.
You also visited: Ossuary.

You collected 2544 gold pieces.
You spent 656 gold pieces at shops.
You paid 608 gold pieces to Gozag.

Inventory:

Hand Weapons
 a - a +1 hand axe of chopping
 f - a +1 falchion of freezing
 s - a +0 short sword
 t - a +2 trident of freezing (weapon)
 N - the +2 scimitar of Checks and Balances {slice, MP+9 Str+2 Int-4}
   (You found it on level 8 of the Dungeon)

   It inflicts extra damage upon your enemies.
   It affects your strength (+2).
   It affects your intelligence (-4).
   It affects your magic capacity (+9).
Missiles
 v - 16 poisoned darts
 z - 3 atropa-tipped darts
 A - 2 javelins
 D - 2 curare-tipped darts
 H - 3 boomerangs (quivered)
Armour
 d - a +2 cloak of invisibility (worn)
 Q - the +0 pair of gloves of Vyt Aker (worn) {rPois rF++}
   (You bought it in a shop on level 8 of the Dungeon)

   It greatly protects you from fire.
   It protects you from poison.
 R - a +0 leather armour of cold resistance (worn)
Magical Staves
 O - an uncursed staff of death
Jewellery
 i - a +5 ring of dexterity (left hand)
 o - a ring of stealth (right hand)
 y - an amulet of magic regeneration (around neck)
 F - an uncursed ring of positive energy
 I - a +5 ring of dexterity
 L - an uncursed ring of flight
 M - the amulet "Luonukog" {Spirit +Blink +Fly}
   (You found it on level 8 of the Dungeon)

   [amulet of guardian spirit]

   It causes incoming damage to be split between your health and magic.
   It lets you fly.
   It lets you blink.
Wands
 c - a wand of polymorph (7)
 w - a wand of paralysis (5)
 x - a wand of flame (23)
 J - a wand of iceblast (18)
 T - a wand of digging (5)
Scrolls
 g - 4 scrolls of enchant armour
 h - a scroll of fog
 k - 4 scrolls of enchant weapon
 l - 3 scrolls of remove curse
 n - 7 scrolls of fear
 r - 2 scrolls of amnesia
 C - 6 scrolls of identify
 E - a scroll of silence
 G - a scroll of magic mapping
Potions
 b - 2 potions of curing
 e - a potion of flight
 j - a potion of mutation
 m - a potion of might
 p - 8 potions of lignification
 q - 2 potions of cancellation
 B - a potion of brilliance
 K - 2 potions of invisibility
Comestibles
 u - 5 rations


   Skills:
 + Level 7.6 Fighting
 + Level 1.1(2.8) Short Blades
 * Level 4.2 Long Blades
 + Level 2.7(2.9) Axes
 + Level 1.0(2.0) Polearms
   Level 2.4 Bows
 - Level 1.0 Throwing
 + Level 4.1 Armour
 + Level 3.0 Dodging
 - Level 2.3 Stealth
 * Level 9.5 Spellcasting
 + Level 4.2 Conjurations
 + Level 5.1 Charms
 * Level 5.4 Summonings
 + Level 4.4 Necromancy
 + Level 4.1 Fire Magic
 + Level 6.0 Air Magic
 + Level 7.8 Poison Magic
 + Level 1.1 Evocations


You had 14 spell levels left.
You knew the following spells:

 Your Spells              Type           Power        Failure   Level  Hunger
a - Magic Dart            Conj           ###.         1%          1    None
c - Mephitic Cloud        Conj/Pois/Air  ####....     2%          3    None
f - Conjure Flame         Conj/Fire      ###.....     6%          3    None
l - Summon Lightning Spi  Summ/Air       ####....     11%         4    ###....
r - Regeneration          Chrm/Necr      ###.......   4%          3    None
v - Poisonous Vapours     Pois/Air       ####..       1%          2    None

Your spell library contained the following spells:

 Spells                   Type           Power        Failure   Level  Hunger
 Animate Skeleton         Necr           N/A          1%          1    None
 Pain                     Necr           ###.         1%          1    None
 Summon Small Mammal      Summ           ####         1%          1    None
 Call Imp                 Summ           ####....     1%          2    None
 Swiftness                Chrm/Air       ####....     1%          2    None
 Corpse Rot               Necr           N/A          2%          2    None
 Call Canine Familiar     Summ           ####....     3%          3    None
 Vampiric Draining        Necr           ###.......   5%          3    None
 Summon Guardian Golem    Hex/Summ       ###.....     11%         3    None
 Spectral Weapon          Hex/Chrm       ###.....     12%         3    None
 Stone Arrow              Conj/Erth      ###...       14%         3    None
 Slow                     Hex            #.......     17%         2    None
 Animate Dead             Necr           N/A          19%         4    ###....
 Venom Bolt               Conj/Pois      ####......   26%         5    #####..
 Summon Ice Beast         Ice/Summ       ###.....     34%         4    ###....
 Iskenderun's Battlesphe  Conj/Chrm      ###.....     41%         5    #####..
 Dispel Undead            Necr           ###.....     45%         5    #####..
 Bolt of Magma            Conj/Fire/Erth ###.......   67%         5    #####..
 Summon Forest            Summ/Tloc      ###.......   69%         5    #####..
 Leda's Liquefaction      Hex/Erth       #.........   73%         4    ###....
 Hydra Form               Tmut           #.........   100%        6    ######.
 Iron Shot                Conj/Erth      ###.......   100%        6    ######.
 Simulacrum               Ice/Necr       ###.......   100%        6    ######.
 Orb of Destruction       Conj           ###.......   100%        7    #######
 Spellforged Servitor     Conj/Summ      ###.......   100%        7    #######
 Summon Hydra             Summ           ####......   100%        7    #######
 Blink                    Tloc           Unusable     N/A         2    N/A

Dungeon Overview and Level Annotations

Branches:
Dungeon (11/15)            Temple (1/1) D:4            Lair (4/6) D:8
 Shoals (1/4) Lair:3      Ossuary (visited)
  Snake: Lair:2-4    Spider: Lair:2-4       Orc: D:9-12

Altars:
Ashenzari
Cheibriados
Dithmenos
Elyvilon
Fedhas
Gozag
Hepliaklqana
Kikubaaqudgha
Makhleb
Nemelex Xobeh
Okawaru
Qazlal
Ru
Sif Muna
Trog
Uskayaw
Vehumet
Wu Jian
Xom
Yredelemnul
Zin
The Shining One

Shops:
D:8 [

Annotations:
D:7 Harold
D:8 exclusion: orange crystal statue
D:9 Grum


Innate Abilities, Weirdness & Mutations

You cannot be hasted, slowed, berserked, paralysed or teleported.
You can dig through walls and to a lower floor.
Your four strong arms can wield two-handed weapons with a shield.
You have a pair of large antennae on your head. (SInv)
You have large cloven feet.
You are agile. (Dex +2)
You are somewhat resistant to further mutation.
You expend magic power (3 MP) to strengthen your wands.


Message History

Your skin is crawling a little less now.
Your lightning spire shoots out a bolt of lightning at the six-headed hydra!
The bolt of electricity hits the six-headed hydra! x2
Your lightning spire shoots out a bolt of lightning at the six-headed hydra!
The bolt of electricity hits the six-headed hydra!
The bolt of electricity hits the six-headed hydra.
The six-headed hydra bites your lightning spire.
The six-headed hydra bites your lightning spire!
Your lightning spire is destroyed!
Casting: Summon Lightning Spire (safe; 11% risk of failure)
Confirm with . or Enter, or press ? or * to list all spells.
Okay, then.
Are you sure you want to shaft yourself?
You feel quite a bit more hungry.
You begin to dig a shaft.
You continue digging a shaft.
Magic restored.
The six-headed hydra bites you!
* * * LOW HITPOINT WARNING * * *
The six-headed hydra bites you!
You die...
Your body crumbles into a pile of gold.

### ######## ######
####.#####.#P..P#####.#..#######
...............................#
.....##...#P###...............##
..##.###.#####..@....#...##...#
##.#.##..######.D..########)..##
..##..#P....# #.....#P#.P##....#
..?..+..>...###.........'())..##
..#..P#......##....###..###)..#
......##....##P.....##..# #...#
.)##.#####...#P....##.#.# #...##
.###.######.##.....########....#
........#..+..#....##PP#P#....##


You could see a six-headed hydra.

Vanquished Creatures
  A hydra (Lair:4)
  A centaur warrior (D:9)
  A sea snake (Shoals:1)
  Pikel (D:3)
  Maurice (D:9)
  2 elephants
  A komodo dragon (Lair:2)
  A troll (D:9)
  Grinder (D:6)
  2 hippogriffs
  3 dream sheep (Lair:2)
  4 blink frogs
  3 wyverns
  A human (D:10)
  3 yaks
  Menkaure (D:6)
  A steam dragon (Lair:3)
  Edmund (D:6)
  A water moccasin (Lair:1)
  10 porcupines
  An ice beast (D:7)
  2 sky beasts
  2 slaves
  4 black bears
  An orc warrior (D:9)
  A phantom (D:6)
  A hornet zombie (D:7)
  A necrophage (D:5)
  8 wolves
  7 ogres
  8 centaurs
  3 crocodiles
  A big kobold (D:8)
  9 bullfrogs
  15 scorpions
  A wyvern skeleton (D:8)
  An electric eel (D:8)
  3 howler monkeys (D:8)
  3 crimson imps
  3 hounds
  3 centaur zombies
  3 bullfrog skeletons
  Crazy Yiuf (D:7)
  5 human zombies (Ossuary)
  7 jellies
  5 orc priests
  A centaur skeleton (D:5)
  2 iguanas
  7 orc wizards
  8 worker ants
  3 big kobold zombies (Ossuary)
  A hound zombie (D:9)
  2 hound skeletons (D:7)
  3 mummies (Ossuary)
  A howler monkey skeleton (D:7)
  11 adders
  3 scorpion zombies (Ossuary)
  A shadow imp (D:6)
  3 oozes
  3 worms
  6 leopard geckos
  24 orcs
  A ball python (D:1)
  6 giant cockroaches
  8 goblins
  4 hobgoblins
  10 jackals
  8 kobolds
  5 quokkas
  10 bats
  3 frilled lizards
  3 gnoll zombies (Ossuary)
  2 goblin zombies (Ossuary)
  2 hobgoblin zombies (Ossuary)
  2 jackal skeletons (D:4)
  A leopard gecko zombie (D:5)
  2 orc zombies (Ossuary)
  6 rats
291 creatures vanquished.

Vanquished Creatures (collateral kills)
  A two-headed ogre (D:6)
  The ghost of Arum the Skirmisher, a novice GrFi of Okawaru (D:6)
  2 black mambas
  A spiny frog (Lair:4)
  A rime drake (Lair:2)
  A komodo dragon (Lair:1)
  A troll (D:10)
  6 blink frogs
  4 dream sheep (Lair:2)
  A basilisk (Lair:2)
  3 water moccasins
22 creatures vanquished.

Vanquished Creatures (others)
  A giant cockroach (D:7)
  A frilled lizard (D:3)
  A hobgoblin zombie (Ossuary)
  3 fungi
6 creatures vanquished.

Grand Total: 319 creatures vanquished

Notes
Turn   | Place    | Note
-------+----------+-------------------------------------------
     0 | D:1      | Esekla the Formicid Wanderer began the quest for the Orb.
     0 | D:1      | Esekla set off with the following items: a +0 mace, a +0
                  | robe, a ration; and the following spell memorised: Magic
                  | Dart; and the following spells available to memorise:
                  | Poisonous Vapours, Swiftness, Call Imp, Slow, Mephitic
                  | Cloud, Conjure Flame
     0 | D:1      | Reached XP level 1. HP: 13/13 MP: 3/3
   193 | D:2      | Reached XP level 2. HP: 19/19 MP: 1/5
   197 | D:2      | Learned a level 2 spell: Poisonous Vapours
   995 | D:1      | Reached XP level 3. HP: 24/24 MP: 1/7
  1020 | D:1      | Reached skill level 3 in Spellcasting
  1563 | D:2      | Reached skill level 1 in Poison Magic
  1578 | D:2      | Learned a level 3 spell: Mephitic Cloud
  1675 | D:3      | Found a white marble altar of Elyvilon.
  1760 | D:2      | Reached XP level 4. HP: 9/31 MP: 3/8
  2237 | D:2      | Found a sacrificial altar of Ru.
  2536 | D:3      | Reached skill level 1 in Conjurations
  2700 | D:3      | Learned a level 3 spell: Conjure Flame
  2913 | D:3      | You fall into a shaft and drop 3 floors!
  2929 | D:6      | Found a blossoming altar of Fedhas.
  2986 | D:6      | Found a snail-covered altar of Cheibriados.
  3036 | D:5      | Entered Level 5 of the Dungeon
  3085 | D:5      | Reached XP level 5. HP: 33/36 MP: 0/10
  3200 | D:5      | Reached skill level 1 in Fighting
  3244 | D:5      | Reached XP level 6. HP: 33/44 MP: 5/11
  3254 | D:4      | Found a staircase to the Ecumenical Temple.
  3315 | D:5      | Noticed an ogre
  3332 | D:5      | Found a sand-covered staircase.
  3339 | Ossuary  | Entered an ossuary
  3361 | Ossuary  | HP: 1/44 [scorpion zombie (3)]
  3674 | Ossuary  | Reached skill level 1 in Fire Magic
  4057 | Ossuary  | Reached XP level 7. HP: 50/50 MP: 4/12
  4241 | Ossuary  | Reached skill level 1 in Axes
  4315 | Ossuary  | Reached skill level 1 in Stealth
  4398 | Ossuary  | Reached skill level 4 in Spellcasting
  4475 | Ossuary  | Reached skill level 1 in Dodging
  4657 | Ossuary  | Reached XP level 8. HP: 52/57 MP: 9/14
  5619 | D:3      | Reached skill level 1 in Short Blades
  5692 | D:3      | Found an iron altar of Okawaru.
  6337 | Temple   | Entered the Ecumenical Temple
  6434 | Temple   | Became a worshipper of Gozag Ym Sagoz the Greedy
  6485 | D:4      | Reached skill level 5 in Poison Magic
  6487 | D:4      | Reached XP level 9. HP: 55/65 MP: 9/15
  7044 | D:4      | Noticed Pikel
  7104 | D:3      | Killed Pikel
  7104 | D:3      | Reached skill level 1 in Long Blades
  7104 | D:3      | Reached skill level 5 in Spellcasting
  7425 | D:4      | Gained mutation: You are agile. (Dex +2) [potion of
                  | mutation]
  7425 | D:4      | Gained mutation: You expend magic power (3 MP) to
                  | strengthen your wands. [potion of mutation]
  7425 | D:4      | Gained mutation: Your mind is acute. (Int +2) [potion of
                  | mutation]
  7439 | D:4      | Lost mutation: Your mind is acute. (Int +2) [potion of
                  | mutation]
  7439 | D:4      | Gained mutation: You have large cloven feet. [potion of
                  | mutation]
  7439 | D:4      | Gained mutation: You are somewhat resistant to further
                  | mutation. [potion of mutation]
  7883 | D:6      | HP: 3/66 [wyvern (15)]
  8095 | D:6      | Found a hide-covered altar of Uskayaw.
  9079 | D:7      | Noticed a two-headed ogre
  9343 | D:6      | Found a shattered altar of Ashenzari.
  9357 | D:6      | Learned a level 3 spell: Regeneration
  9363 | D:6      | Reached XP level 10. HP: 73/73 MP: 14/18
  9385 | D:6      | Noticed Grinder
  9404 | D:6      | Killed Grinder
  9404 | D:6      | Reached skill level 5 in Fighting
  9451 | D:6      | Reached skill level 1 in Necromancy
  9488 | D:6      | Found a shimmering altar of Xom.
  9488 | D:6      | Noticed Edmund
  9585 | D:6      | Found a large runed translucent door.
  9585 | D:6      | Found a large runed translucent door.
  9585 | D:6      | Noticed Arum's ghost (novice GrFi)
  9610 | D:6      | Found an ancient bone altar of Kikubaaqudgha.
  9611 | D:6      | Found a stormy altar of Qazlal.
  9689 | D:6      | Reached skill level 1 in Charms
  9700 | D:6      | Killed Edmund
  9746 | D:6      | Learned a level 4 spell: Summon Lightning Spire
  9749 | D:6      | Noticed Menkaure
  9772 | D:6      | Killed Menkaure
  9772 | D:6      | Reached skill level 6 in Spellcasting
  9891 | D:6      | Found a radiant altar of Vehumet.
  9895 | D:6      | Found a white marble altar of Elyvilon.
 10535 | D:7      | Noticed Harold
 10751 | D:6      | Reached skill level 1 in Summonings
 10771 | D:6      | Killed a two-headed ogre
 10935 | D:10     | Entered Level 10 of the Dungeon
 11027 | D:9      | Noticed Maurice
 11835 | D:8      | Found a staircase to the Lair.
 12498 | D:8      | Reached skill level 7 in Spellcasting
 12498 | D:8      | Reached XP level 11. HP: 75/81 MP: 18/21
 12873 | D:8      | Found a shimmering altar of Xom.
 12873 | D:8      | Found a burning altar of Makhleb.
 13012 | D:8      | Noticed an orange crystal statue
 13027 | D:8      | Got a heavily runed platinum amulet
 13029 | D:8      | Got a warped scimitar
 13033 | D:8      | Identified the +2 scimitar of Checks and Balances {slice,
                  | MP+9 Str+2 Int-4} (You found it on level 8 of the Dungeon)
 13035 | D:8      | Identified the amulet "Luonukog" {Spirit +Blink +Fly} (You
                  | found it on level 8 of the Dungeon)
 13353 | Lair:1   | Entered Level 1 of the Lair of Beasts
 13415 | Lair:1   | Reached skill level 5 in Air Magic
 13576 | Lair:1   | You fall into a shaft and drop 1 floor!
 14380 | Lair:2   | Reached skill level 8 in Spellcasting
 15091 | D:7      | Found a runed translucent door.
 15092 | D:7      | Noticed Crazy Yiuf
 15100 | D:7      | Killed Crazy Yiuf
 15585 | D:9      | Noticed a centaur warrior
 15748 | D:9      | Killed a centaur warrior
 16389 | D:9      | Noticed Grum
 16400 | D:9      | You fall into a shaft and drop 2 floors!
 17062 | D:9      | Killed Maurice
 17581 | D:6      | Killed Arum's ghost
 17581 | D:6      | Reached XP level 12. HP: 64/89 MP: 24/24
 17753 | D:8      | Bought a +2 cloak of invisibility for 258 gold pieces
 17753 | D:8      | Bought the +0 pair of gloves of Vyt Aker {rPois rF++} for
                  | 398 gold pieces
 17978 | Lair:1   | HP: 2/89 [blink frog (18)]
 18214 | Lair:1   | Reached skill level 9 in Spellcasting
 18530 | Lair:2   | Reached skill level 5 in Summonings
 18636 | Lair:2   | Reached skill level 5 in Charms
 19177 | Lair:3   | Found a staircase to the Shoals.
 19576 | Lair:3   | Identified the Incunabulum of Unholy Rituals and Talismans
 19749 | Lair:4   | Noticed a six-headed hydra
 19829 | Lair:4   | Noticed a five-headed hydra
 19840 | Lair:4   | Killed a five-headed hydra
 19975 | Shoals:1 | Entered Level 1 of the Shoals
 19975 | Shoals:1 | Noticed a sea snake
 19981 | Shoals:1 | Killed a sea snake
 19981 | Shoals:1 | Reached skill level 1 in Polearms
 20064 | Lair:3   | Slain by a six-headed hydra

Levels and vault maps discovered:
D:1:      dpeg_arrival_pond, layout_basic
D:2:      layout_basic, nicolae_ru_the_path_less_chosen
D:3:      layout_basic, marbit_many_paths, first_ration, elyvilon_altar_4
D:4:      layout_rooms, minmay_temple_entry_antechambers, gup_sewer_entry_bowl,
          uniq_pikel
D:5:      layout_cave_pools, chequers_ossuary_entry_cave, minmay_misc_feat_rows
D:6:      layout_loops_ring, cheibrodos_ashenzari_chains,
          chequers_temple_overflow_statue_of_worship, old_standard_altar,
          lemuel_crystal_altar, minitemple, ebering_ghost_disaster_area,
          dk_xom_monty_hall, uniq_edmund, uniq_grinder, uniq_menkaure
D:7:      layout_gridville, small_statue_intersection, uniq_harold,
          uniq_crazy_yiuf_cottage
D:8:      statuecave_lemuel, layout_basic,
          grunt_temple_overflow_champion_of_chaos, dpeg_oklobed_lair
D:9:      layout_long_grid, uniq_maurice, uniq_grum
D:10:     layout_roguey, grunt_pizzeria
D:11:     layout_roguey, kennysheep_orc_monster_closet_entryway,
          lightli_church_of_beogh
Temple:   compressed_dpeg_circular_temple
Lair:1:   layout_regular_city
Lair:2:   layout_chaotic_city
Lair:3:   layout_regular_city, minmay_shoals_entry_centaurs
Lair:4:   layout_hall_layers, minmay_snake_entry_guardpost_large,
          grunt_megastairs_1
Shoals:1: layout_shoals, yaktaur_hedge, uniq_frances

Skill      XL: |  1  2  3  4  5  6  7  8  9 10 11 12 |
---------------+-------------------------------------+-----
Spellcasting   | 3 4 5 7 8 9 |  9.5
Poison Magic   | 1 3 4 5 6 7 |  7.8
Conjurations   | 1 2 3 4 |  4.2
Air Magic      | 2 3 4 5 6 |  6.0
Fighting       | 1 2 3 4 5 6 7 |  7.6
Fire Magic     | 1 2 3 4 |  4.1
Axes           | 1 2 |  2.7
Stealth        | 1 2 |  2.3
Dodging        | 1 2 3 |  3.0
Short Blades   | 1 |  1.1
Long Blades    | 1 2 3 4 |  4.2
Necromancy     | 3 4 |  4.4
Charms         | 3 4 5 |  5.1
Summonings     | 2 4 5 |  5.4
Armour         | 3 4 |  4.1
Polearms       | 1 |  1.0
Bows           | |  2.4
Throwing       | |  1.0
Evocations     | |  1.1

Action                   |  1- 3 |  4- 6 |  7- 9 | 10-12 || total
-------------------------+-------+-------+-------+-------++-------
Melee: Mace              |    12 |       |       |       ||    12
       Short sword       |    39 |    39 |    10 |     9 ||    97
       Falchion          |       |    16 |   134 |   294 ||   444
       Hand axe          |       |    45 |   104 |    39 ||   188
       Trident           |       |       |    41 |    36 ||    77
       Kick              |       |       |    22 |   145 ||   167
Throw: Dart              |       |     6 |    11 |     2 ||    19
       Boomerang         |       |       |       |    11 ||    11
 Cast: Magic Dart        |    22 |    32 |    49 |    63 ||   166
       Poisonous Vapours |     9 |    25 |    62 |   234 ||   330
       Conjure Flame     |       |       |    12 |    14 ||    26
       Mephitic Cloud    |       |       |     7 |    13 ||    20
       Regeneration      |       |       |       |    50 ||    50
       Summon Lightning  |       |       |       |    22 ||    22
Invok: Call Merchant     |       |       |       |     1 ||     1
 Abil: Shaft Self        |       |       |       |     3 ||     3
  Use: Scroll            |       |    14 |     7 |     5 ||    26
       Potion            |       |       |     4 |    13 ||    17
 Stab: Sleeping          |     3 |     3 |    10 |     4 ||    20
       Confused          |       |       |     1 |    12 ||    13
       Invisible         |       |       |       |     3 ||     3
       Distracted        |       |       |       |     9 ||     9
  Eat: Chunk             |     3 |     8 |     5 |       ||    16
       Ration            |       |     1 |     4 |    13 ||    18
Armor: Robe              |    22 |    27 |    44 |    32 ||   125
       Leather armour    |       |       |       |    43 ||    43
       Skin              |       |       |       |    11 ||    11
Dodge: Dodged            |    41 |    51 |   180 |   338 ||   610
       Rpst.: Falchion   |       |     1 |    25 |    75 ||   101
